 Dungeon Crawl Stone Soup version 0.30-a0-137-gd8773701ce (webtiles) character file.

Game seed: 2659124128292259826

28 LnG the Caller (level 3, 0/19 HPs)
             Began as a Kobold Summoner on Sept 23, 2022.
             Slain by a quokka (2 damage)
             ... on level 2 of the Dungeon.
             The game lasted 00:03:15 (1416 turns).

LnG the Caller (Kobold Summoner)                    Turns: 1416, Time: 00:03:16

Health: 0/19       AC:  3    Str:  5    XL:     3   Next: 27%
Magic:  7/7        EV: 15    Int: 18    God:
Gold:   0          SH:  0    Dex: 15    Spells: 4/7 levels left

rFire   . . .      SeeInvis .    e - +0 dagger
rCold   . . .      Faith    .    (no shield)
rNeg    . . .      Spirit   .    a - +1 robe
rPois   .          Reflect  .    (no helmet)
rElec   .          Harm     .    (no cloak)
rCorr   .          Rampage  .    (no gloves)
Will    .....                    (no boots)
Stlth   +++.......               (no amulet)
HPRegen 0.06/turn                (no ring)
MPRegen 0.10/turn                (no ring)

@: weak-willed
A: small, no large weapons, nightstalker 3
a: no special abilities


You were on level 2 of the Dungeon.
You visited 1 branch of the dungeon, and saw 2 of its levels.

Inventory:

Hand Weapons
 e - a +0 dagger (weapon)
Armour
 a - a +1 robe (worn)
Potions
 b - a potion of magic
 d - a potion of curing


   Skills:
 + Level 0.1 Short Blades
 + Level 2.5 Dodging
 * Level 3.2 Stealth
 + Level 0.1 Unarmed Combat
 + Level 2.6 Spellcasting
 * Level 4.4 Summonings


You had 4 spell levels left.
You knew the following spells:

 Your Spells              Type           Power      Damage    Failure   Level
a - Summon Small Mammal   Summ           72%        N/A       2%          1
b - Call Imp              Summ           18%        N/A       4%          2

Your spell library contained the following spells:

 Spells                   Type           Power      Damage    Failure   Level
 Call Canine Familiar     Summ           18%        N/A       9%          3
 Summon Guardian Golem    Hex/Summ       10%        N/A       21%         3
 Summon Lightning Spire   Summ/Air       10%        N/A       56%         4


Dungeon Overview and Level Annotations

Branches:
Dungeon (1/15)

Altars:

Annotations:
D:2 Robin


Innate Abilities, Weirdness & Mutations

You are small and have problems with some larger weapons.
You are completely attuned to the shadows.


Message History

The shaft crumbles and collapses.
A goblin comes into view. It is wielding a +0 club.
A goblin and a hobgoblin come into view.
Found a scroll of identify.
A goblin and a quokka come into view.
The helpless goblin fails to defend itself.
You puncture the goblin!
You kill the goblin!
You see here a +0 club.
Robin, a hobgoblin and a goblin come into view.
Robin is wielding a +0 dagger and carrying a wand of polymorph (6).
The goblin is wielding a +1 dagger of flaming.
The goblin misses you.
The goblin shouts!
As you read the scroll labelled BEFOVVUMI, it crumbles to dust.
The hobgoblin shouts!
Robin shouts!
Magic quickly surges around you.
It was a scroll of vulnerability.
You hear a shout! x2
Robin roars a battlecry!
The goblins go into a battle-frenzy!
The goblin hits you with a +0 dagger. The goblin hits you with a +0 club.
As you read the scroll labelled ZOLLOUDACO, it crumbles to dust.
It is a scroll of enchant armour.
Your +0 robe glows green for a moment.
A goblin comes into view. It is wielding a +0 club.
The goblin hits you but does no damage.
A hobgoblin comes into view.
The hobgoblin closely misses you. The goblin hits you with a +0 club.
The hobgoblin misses you. The quokka barely misses you.
The goblin attacks as you move away! The goblin misses you.
The hobgoblin attacks as you move away! The hobgoblin hits you.
The goblin attacks as you move away! The goblin hits you with a +0 dagger.
Robin throws the goblin at you! The quokka bites you.
* * * LOW HITPOINT WARNING * * *
The goblin hits you with a +0 club.
* * * LOW HITPOINT WARNING * * *
The goblin attacks as you move away! The goblin hits you but does no damage.
The quokka attacks as you move away! The quokka misses you.
The quokka attacks as you move away! The quokka bites you.
You die...

. #... .. #.....
#####... +....#
#....#..
#....#+#....#..
.#.?............
.....).g.gg.....
........ggr@....
.........gg..#..
g............#
####+###.......
#.......


You could see Robin (weak-willed), a quokka, 2 hobgoblins and 4 goblins.

Vanquished Creatures
  A gnoll (D:1)
  A goblin (D:2)
  A quokka (D:1)
  A frilled lizard (D:1)
4 creatures vanquished.

Vanquished Creatures (collateral kills)
  2 bats (D:1)
  An endoplasm (D:1)
  A hobgoblin (D:1)
  2 jackals (D:1)
  2 kobolds (D:1)
  3 ball pythons (D:1)
  A frilled lizard (D:1)
  2 rats (D:1)
14 creatures vanquished.

Grand Total: 18 creatures vanquished

Notes
Turn   | Place    | Note
-------+----------+-------------------------------------------
     0 | D:1      | LnG the Kobold Summoner began the quest for the Orb.
     0 | D:1      | Reached XP level 1. HP: 10/10 MP: 3/3
   455 | D:1      | Reached XP level 2. HP: 15/15 MP: 3/5
   544 | D:1      | Learned a level 2 spell: Call Imp
   992 | D:1      | Reached XP level 3. HP: 19/19 MP: 4/7
  1398 | D:1      | You fall into a shaft and drop 1 floor!
  1406 | D:2      | Noticed Robin
  1416 | D:2      | Slain by a quokka

Illustrated notes

Levels and vault maps discovered:
D:1:      lightli_arrival_maybe_door_vault, layout_basic,
          chequers_ecumenical_altar_simple
D:2:      layout_basic, chequers_serial_rivers_micro_d, item_on_display_b,
          uniq_terence, uniq_crazy_yiuf_cottage, uniq_natasha, uniq_robin

Skill      XL: |  1  2 |
---------------+-------+-----
Stealth        | 3 |  3.2
Short Blades   | |  0.1
Dodging        | |  2.5
Unarmed Combat | |  0.1
Spellcasting   | |  2.6
Summonings     | |  4.4

Action                   || total
-------------------------++-------
Melee: Unarmed           ||    48
       Dagger            ||    14
 Cast: Summon Small Mamm ||    15
       Call Imp          ||     3
  Use: Scroll            ||     4
       Potion            ||     1
 Stab: Sleeping          ||     4
       Distracted        ||     1
Armor: Robe              ||    23
Dodge: Dodged            ||    82

Table legend: (Time is in decaauts)
 A = Elapsed time spent in this place.
 B = Non-inter-level travel time spent in this place.
 C = Inter-level travel time spent in this place.
 D = Time resting spent in this place.
 E = Time spent auto-exploring this place.
 F = Levels seen in this place.
 G = Mean time per level.
                   A        B        C        D        E       F      G
               +--------+--------+--------+--------+--------+-----+--------+
         Total |   1415 |   1415 |      0 |    786 |    434 |   2 |  707.5 |
       Dungeon |   1415 |   1415 |      0 |    786 |    434 |   2 |  707.5 |
               +--------+--------+--------+--------+--------+-----+--------+

Top non-repeatable levels by time:
     D:1: 1397 daAuts
     D:2: 17 daAuts
